 Dungeon Crawl Stone Soup version 0.21.1-1-g345015f (webtiles) character file.

101 Monsterracer the Cudgeler (level 4, 0/27 HPs)
             Began as a Gargoyle Arcane Marksman on Apr 16, 2018.
             Killed by divine providence
             ... invoked by an orc priest
              (11 damage)
             ... on level 3 of the Dungeon.
             The game lasted 00:04:54 (2868 turns).

Monsterracer the Cudgeler (GrAM)                    Turns: 2868, Time: 00:04:55

Health: 0/27       AC: 12    Str: 14    XL:     4   Next: 75%
Magic:  5/5        EV:  6    Int: 14    God:
Gold:   117        SH:  0    Dex: 10    Spells: 4/5 levels left

rFire    . . .     SeeInvis .   a - +0 club
rCold    . . .     Gourm    .   (no shield)
rNeg     + . .     Faith    .   b - +0 chain mail
rPois    ∞         Spirit   .   (no helmet)
rElec    +         Reflect  .   (no cloak)
rCorr    .         Harm     .   (no gloves)
MR       .....                  (no boots)
Stlth    ..........             (no amulet)
HPRegen  0.09/turn              (no ring)
MPRegen  0.09/turn              (no ring)

@: no status effects
A: negative energy resistance 1, electricity resistance, unbreathing,
petrification resistance, rot immunity, AC +3
a: no special abilities


You were on level 3 of the Dungeon.
You were near starving.

You visited 1 branch of the dungeon, and saw 3 of its levels.

You collected 117 gold pieces.

Inventory:

Hand Weapons
 a - a +0 club (weapon)
Missiles
 f - 4 javelins
 g - 2 tomahawks (quivered)
Armour
 b - a +0 chain mail (worn)
Wands
 p - a wand of digging (9)
Scrolls
 h - a scroll of teleportation {unknown}
 i - a scroll of enchant armour {unknown}
 j - a scroll of blinking {unknown}
 k - a scroll of fear {unknown}
 l - a scroll of identify {unknown}
 m - a scroll of remove curse {unknown}
Potions
 e - 3 potions of curing
 n - 2 potions of lignification {unknown}
 o - a potion of ambrosia {unknown}
Comestibles
 c - 4 rations


   Skills:
 + Level 2.6 Fighting
 * Level 3.0 Maces & Flails
 - Level 1.7 Throwing
 + Level 1.3 Armour
 - Level 1.6 Dodging
 - Level 1.0 Spellcasting
 - Level 2.6 Hexes


You had 4 spell levels left.
You knew the following spells:

 Your Spells              Type           Power        Failure   Level  Hunger
a - Corona                Hex            #......      94%         1    ##.....


Dungeon Overview and Level Annotations

Branches:
Dungeon (3/15)

Altars:
Fedhas
Trog

Annotations:
D:3 Grinder


Innate Abilities, Weirdness & Mutations

You are resistant to torment.
Your stone body is resilient. (AC +3)
You are immune to poison.
You resist negative energy. (rN+)
You are resistant to electric shocks. (rElec)
You can survive without breathing.
You are immune to petrification.
You are immune to rotting.


Message History

Things that are here:
a throwing net; 5 javelins; 6 tomahawks
f - 5 javelins
d - a throwing net
g - 6 tomahawks The giant cockroach bites you.
* * * LOW HITPOINT WARNING * * *
Grinder hits you.
* * * LOW HITPOINT WARNING * * *
You take 7 damage, and have 5/27 hp.
MASSIVE DAMAGE!!
The giant cockroach bites you but does no damage.
Grinder hits you but does no damage. The giant cockroach closely misses you.
Found 7 gold pieces.
The giant cockroach bites you but does no damage.
Found a stone staircase leading up.
The giant cockroach bites you but does no damage.
There is a stone staircase leading up here.
The giant cockroach barely misses you.
You climb upwards.
There is a stone staircase leading down here.
You hit the giant cockroach but do no damage.
The giant cockroach barely misses you. x2
You hit the giant cockroach but do no damage.
The giant cockroach bites you but does no damage.
You hit the giant cockroach.
You kill the giant cockroach!
There is a stone staircase leading down here.
There is a stone staircase leading down here.
You start resting.
Your magical contamination has completely faded away.
You start resting.
You are feeling very hungry.
You regained 5 hp, and now have 13/27 hp.
You start resting.
HP restored.
Health restored: 27 You climb downwards.
Level annotation: Grinder
There is a stone staircase leading up here.
There is a stone staircase leading up here.
Found a great mace.
An orc priest and an orc wizard come into view.
The orc priest shouts!
The orc wizard shouts!
You hear a shout!
The orc priest looks braver for a moment.
The orc wizard gestures at you while chanting.
The puff of frost misses you.
You are near starving!
Throwing (i - inventory. (,) - cycle):
g - 6 tomahawks (quivered)
Press: ? - help, Shift-Dir - straight line, f - orc priest
Aim: an orc priest, wielding a flail You throw a tomahawk.
The tomahawk hits the orc priest.
The orc priest is moderately wounded.
Throwing (i - inventory. (,) - cycle):
g - 5 tomahawks (quivered)
Press: ? - help, Shift-Dir - straight line, f/p - orc priest
Aim: an orc priest, wielding a flail (moderately wounded)
You throw a tomahawk.
The tomahawk barely misses the orc priest.
The tomahawk hits the orc wizard.
The orc wizard is lightly wounded.
Throwing (i - inventory. (,) - cycle):
g - 4 tomahawks (quivered)
Press: ? - help, Shift-Dir - straight line, f/p - orc priest
Aim: an orc priest, wielding a flail (moderately wounded)
You throw a tomahawk. The tomahawk hits the orc priest.
The orc priest is moderately wounded.
The orc priest mumbles some strange prayers to Beogh against you.
Beogh smites you!
You take 10 damage, and have 17/27 hp.
MASSIVE DAMAGE!!
Throwing (i - inventory. (,) - cycle):
g - 3 tomahawks (quivered)
Press: ? - help, Shift-Dir - straight line, f/p - orc priest
Aim: an orc priest, wielding a flail (moderately wounded)
You throw a tomahawk.
The tomahawk barely misses the orc priest.
The tomahawk hits the orc wizard but does no damage.
The orc wizard is lightly wounded.
The orc priest hits you with a flail.
* * * LOW HITPOINT WARNING * * *
You take 5 damage, and have 12/27 hp.
You hit the orc priest.
The orc priest is heavily wounded.
The orc priest hits you with a flail.
* * * LOW HITPOINT WARNING * * *
The orc wizard looks satisfied for a moment.
You take 1 damage, and have 11/27 hp.
Fire/throw which item? (* to show all) (? for menu, Esc to quit)
Press: ? - help, Shift-Dir - straight line, f/p - orc priest
Aim: an orc priest, wielding a flail (heavily wounded)
You throw a throwing net. The throwing net hits the orc priest.
The orc priest is caught in the net!
The orc priest is heavily wounded.
The orc wizard gestures wildly while chanting.
The orc wizard seems to speed up.
The orc priest struggles against the net.
Fire/throw which item? (* to show all) (? for menu, Esc to quit)
Press: ? - help, Shift-Dir - straight line, f/p - orc priest
Aim: an orc priest, wielding a flail (heavily wounded, entangled in a net)
You throw a javelin. The javelin hits the orc priest.
The orc priest is severely wounded.
The orc priest invokes the aid of Beogh against you.
Beogh smites you!
You die...

# #
#.#######.#oo
###............
......).(#
########(# #(#
#o# #o# #.# #@#
#.# #.# #.# #.#
#.# #.# #.# #.#
#.# #.# #.#
#.#####.##
#.....<#.#
#######.##


You could see an orc priest (caught) and an orc wizard.

Vanquished Creatures
  Jessica (D:3)
  2 adders (D:2)
  2 oozes (D:2)
  A worm (D:2)
  A dart slug (D:2)
  5 bats
  2 giant cockroaches (D:2)
  8 goblins
  8 hobgoblins
  4 ball pythons (D:2)
  3 frilled lizards
  4 kobolds
  4 rats (D:2)
45 creatures vanquished.

Notes
Turn   | Place    | Note
-------+----------+-------------------------------------------
     0 | D:1      | Monsterracer the Gargoyle Arcane Marksman began the quest for the Orb.
     0 | D:1      | Reached XP level 1. HP: 12/12 MP: 2/2
   353 | D:1      | Reached skill level 1 in Maces & Flails
   353 | D:1      | Reached XP level 2. HP: 15/16 MP: 3/3
  1038 | D:2      | Found a blossoming altar of Fedhas.
  1050 | D:2      | HP: 7/17 [adder (3)]
  1055 | D:2      | Reached skill level 2 in Maces & Flails
  1055 | D:2      | Reached XP level 3. HP: 9/21 MP: 4/4
  1502 | D:2      | HP: 10/21 [ooze (1)]
  1925 | D:2      | Reached XP level 4. HP: 27/27 MP: 5/5
  2204 | D:2      | Reached skill level 1 in Armour
  2462 | D:2      | Found a bloodstained altar of Trog.
  2514 | D:3      | Noticed Jessica
  2528 | D:3      | Killed Jessica
  2528 | D:3      | Reached skill level 3 in Maces & Flails
  2553 | D:3      | Noticed Grinder
  2568 | D:3      | HP: 9/27 [Grinder (6)]
  2573 | D:3      | HP: 8/27 [Grinder/nerve-wracking pain (2)]
  2586 | D:3      | HP: 11/27 [Grinder/nerve-wracking pain (5)]
  2595 | D:3      | HP: 11/27 [giant cockroach (1)]
  2595 | D:3      | HP: 5/27 [Grinder (6)]
  2865 | D:3      | HP: 12/27 [orc priest/flail (5)]
  2868 | D:3      | Killed from afar by an orc priest

Skill      XL: |  1  2  3  4 |
---------------+-------------+-----
Maces & Flails | 1 2 3 |  3.0
Fighting       | 2 |  2.6
Armour         | 1 |  1.3
Throwing       | |  1.7
Dodging        | |  1.6
Spellcasting   | |  1.0
Hexes          | |  2.6

Action                   |  1- 3 |  4- 6 || total
-------------------------+-------+-------++-------
Melee: Club              |   151 |    54 ||   205
       Unarmed           |     2 |       ||     2
Throw: Tomahawk          |    32 |    15 ||    47
       Javelin           |     1 |    10 ||    11
       Throwing net      |       |     3 ||     3
  Use: Potion            |       |     1 ||     1
 Stab: Sleeping          |     1 |       ||     1
  Eat: Chunk             |     3 |     2 ||     5
Armor: Robe              |    24 |       ||    24
       Chain mail        |    77 |    51 ||   128
Dodge: Dodged            |    88 |    31 ||   119

Vault maps used:
D:1:      lightli_arrival_statuegarden
D:2:      lemuel_round_altar, lemuel_coloured_pillars_altar, grunt_ministairs_5
D:3:      first_ration, uniq_ijyb, uniq_terence, uniq_jessica, uniq_robin,
          uniq_grinder
